 Dungeon Crawl Stone Soup version 0.30-a0-800-g7c544603b3 (webtiles) character file.

Game seed: 468911070789264018

302 benadryl the Insei (level 6, -10/35 HPs)
             Began as a Kobold Hunter on Feb 21, 2023.
             Mangled by a gnoll
             ... wielding a +4 flail
             ... led by a gnoll bouda
              (14 damage)
             ... on level 4 of the Dungeon.
             The game lasted 00:04:13 (3806 turns).

benadryl the Insei (Kobold Hunter)                  Turns: 3806, Time: 00:04:14

Health: -10/35     AC:  3    Str:  9    XL:     6   Next: 65%
Magic:  6/6        EV: 14    Int: 10    God:
Gold:   135        SH:  0    Dex: 20    Spells: 5/5 levels left

rFire   + . .      SeeInvis .    a - +0 shortbow
rCold   + . .      Faith    .    (shield currently unavailable)
rNeg    . . .      Spirit   .    c - +0 leather armour
rPois   +          Reflect  .    (no helmet)
rElec   +          Harm     .    (no cloak)
rCorr   +          Rampage  .    (no gloves)
Will    .....                    (no boots)
Stlth   +++                      (no amulet)
HPRegen 0.25/turn                o - ring of willpower
MPRegen 0.10/turn                r - ring of flight

@: brilliant, resistant, weak-willed, flying
A: small, no large weapons, nightstalker 3
a: no special abilities


You were on level 4 of the Dungeon.
You visited 1 branch of the dungeon, and saw 4 of its levels.

You collected 135 gold pieces.

Inventory:

Hand Weapons
 a - a +0 shortbow (weapon)
Armour
 c - a +0 leather armour (worn)
Jewellery
 j - an amulet of magic regeneration
 o - a ring of willpower (left hand)
 r - a ring of flight (right hand)
Scrolls
 b - 2 scrolls of immolation
 e - a scroll of vulnerability
 f - a scroll of summoning {unknown}
 k - 6 scrolls of identify {@r1}
 q - a scroll of fog {unknown}
Potions
 i - a potion of invisibility {unknown}
 l - a potion of degeneration
 m - a potion of resistance
 n - a potion of might {unknown}
 p - a potion of attraction {unknown}


   Skills:
 - Level 2.1 Fighting
 - Level 5.3 Ranged Weapons
 - Level 2.4 Dodging
 - Level 1.3 Stealth
 * Level 6.1 Unarmed Combat


You had 5 spell levels left.
You didn't know any spells.
Your spell library contained the following spells:

 Spells                   Type           Power      Damage    Failure   Level
 Summon Small Mammal      Summ           0%         N/A       47%         1
 Call Canine Familiar     Summ           0%         N/A       85%         3
 Summon Guardian Golem    Hex/Summ       0%         N/A       85%         3


Dungeon Overview and Level Annotations

Branches:
Dungeon (4/15)
 Temple: D:4-7

Altars:


Innate Abilities, Weirdness & Mutations

You are small and have problems with some larger weapons.
You are completely attuned to the shadows.


Message History

You are too injured to fight recklessly!
You are too injured to fight recklessly!
You are too injured to fight recklessly!
You are too injured to fight recklessly!
You are too injured to fight recklessly!
You are too injured to fight recklessly!
You are too injured to fight recklessly!
You are too injured to fight recklessly!
You are too injured to fight recklessly!
You are too injured to fight recklessly!
Fire: a) +0 shortbow
Press: ? - help, Q - select action Shift-Dir - straight line, f/p - gnoll
Aim: a gnoll, wielding a +4 flail (moderately wounded, 69% to hit)
You shoot an arrow. The arrow hits the gnoll.
The gnoll is heavily wounded.
The gnoll hits you with a +4 flail!
Fire: a) +0 shortbow
Press: ? - help, Q - select action Shift-Dir - straight line, f/p - gnoll
Aim: a gnoll, wielding a +4 flail (heavily wounded, 69% to hit)
You shoot an arrow. The arrow barely misses the gnoll. x2
The gnoll hits you with a +4 flail!
* * * LOW HITPOINT WARNING * * *
You feel better.
A gnoll comes into view. It is wielding a +0 spear.
The gnoll closely misses you.
The air fills with toxic fumes!
As you read the scroll labelled UTZUGYICEPAT, it crumbles to dust.
It was a scroll of poison.
The gnoll misses you.
As you read the scroll labelled DAS ZOMNERPH, it crumbles to dust.
Magic quickly surges around you.
It was a scroll of vulnerability.
The gnoll hits you with a +4 flail!
* * * LOW HITPOINT WARNING * * *
It was a potion of brilliance.
You feel clever all of a sudden. The gnoll closely misses you.
Okay, then.
It was a potion of resistance.
You feel protected. The gnoll hits you with a +4 flail!
You die...

#####
#§§§###############
#§§§§§.............
#§§§###############
##@## #### #g# ....
#g§# #### ##§# g#
.# # # #. #.


You could see 3 gnolls.

Vanquished Creatures
  2 scorpions (D:4)
  6 adders
  2 worms
  15 dart slugs
  6 orcs
  3 bats
  6 endoplasms
  6 giant cockroaches
  6 goblins
  8 hobgoblins
  7 quokkas
  9 ball pythons
  A frilled lizard (D:2)
  6 kobolds
  3 rats
86 creatures vanquished.

Notes
Turn   | Place    | Note
-------+----------+-------------------------------------------
     0 | D:1      | benadryl the Kobold Hunter began the quest for the Orb.
     0 | D:1      | Reached XP level 1. HP: 12/12 MP: 1/1
    27 | D:1      | Reached skill level 1 in Unarmed Combat
    37 | D:1      | Reached XP level 2. HP: 17/17 MP: 2/2
   116 | D:1      | Reached skill level 2 in Unarmed Combat
   337 | D:1      | Reached XP level 3. HP: 17/21 MP: 3/3
   845 | D:2      | Reached skill level 3 in Unarmed Combat
   980 | D:2      | Reached XP level 4. HP: 26/26 MP: 4/4
  1023 | D:2      | Found a faded altar of an unknown god.
  1614 | D:3      | Reached skill level 4 in Unarmed Combat
  1686 | D:3      | Reached XP level 5. HP: 30/30 MP: 5/5
  3074 | D:4      | Identified the +5 war axe "Bojadgh" {freeze, rC- Int+3}
  3239 | D:4      | Reached skill level 5 in Unarmed Combat
  3239 | D:4      | Reached XP level 6. HP: 19/35 MP: 6/6
  3348 | D:4      | Reached skill level 6 in Unarmed Combat
  3630 | D:4      | Found a glowing drain.
  3801 | D:4      | HP: 1/35 [gnoll/+4 flail[a gnoll bouda] (11)]
  3806 | D:4      | Mangled by a gnoll

Illustrated notes

Levels and vault maps discovered:
D:1:      dpeg_arrival_simpleton_c, layout_basic
D:2:      layout_basic, basic_ecumenical_altar, chequers_arboretum
D:3:      kennysheep_slugbush, layout_basic, st_stairs_14
D:4:      layout_loops_ring, gup_sewer_entry_glass, minmay_close_crescents

Skill      XL: |  1  2  3  4  5  6 |
---------------+-------------------+-----
Unarmed Combat | 1 2 3 4 5 6 |  6.1
Fighting       | |  2.1
Ranged Weapons | |  5.3
Dodging        | |  2.4
Stealth        | |  1.3

Action                     |  1- 3 |  4- 6 || total
---------------------------+-------+-------++-------
   Fire: Shortbow          |    70 |   188 ||   258
    Use: Scroll            |       |     8 ||     8
         Potion            |       |     7 ||     7
 Armour: Leather armour    |     5 |    15 ||    20
         Skin              |       |     5 ||     5
  Dodge: Dodged            |    14 |    97 ||   111

Table legend: (Time is in decaauts)
 A = Elapsed time spent in this place.
 B = Non-inter-level travel time spent in this place.
 C = Inter-level travel time spent in this place.
 D = Time resting spent in this place.
 E = Time spent auto-exploring this place.
 F = Levels seen in this place.
 G = Mean time per level.
                   A        B        C        D        E       F      G
               +--------+--------+--------+--------+--------+-----+--------+
         Total |   3881 |   3611 |    270 |    731 |   2371 |   4 |  970.2 |
       Dungeon |   3881 |   3611 |    270 |    731 |   2371 |   4 |  970.2 |
               +--------+--------+--------+--------+--------+-----+--------+

Top non-repeatable levels by time:
     D:3: 1732 daAuts
     D:4: 902 daAuts
     D:1: 721 daAuts
     D:2: 525 daAuts
